 Dungeon Crawl Stone Soup version 0.30-a0-1160-g6e42c06551 (webtiles) character file.

Game seed: 11275148545860394916

132 BigDaddyOpFi the Trooper (level 5, 0/47 HPs)
             Began as a Hill Orc Fighter on Apr 25, 2023.
             Slain by a kobold
             ... wielding a +0 short sword
              (2 damage)
             ... on level 3 of the Dungeon.
             The game lasted 00:01:57 (1500 turns).

BigDaddyOpFi the Trooper (Hill Orc Fighter)         Turns: 1500, Time: 00:01:57

Health: 0/47       AC:  7    Str: 25    XL:     5   Next: 15%
Magic:  5/5        EV:  9    Int:  7    God:
Gold:   125        SH:  4    Dex:  9    Spells: 4/4 levels left

rFire   . . .        a - +0 war axe
rCold   . . .        c - +0 buckler
rNeg    . . .        b - +0 scale mail
rPois   .            (helmet restricted)
rElec   .            (no cloak)
rCorr   .            (no gloves)
SInv    .            (no boots)
Will    .....        (no amulet) Stlth
                     (no ring)
HPRegen 0.27/turn    (no ring)
MPRegen 0.09/turn

%: no passive effects
@: mighty, flying
A: horns 1, strong 1
a: no special abilities


You were on level 3 of the Dungeon.
You visited 1 branch of the dungeon, and saw 3 of its levels.

You collected 125 gold pieces.

Inventory:

Hand Weapons
 a - a +0 war axe (weapon)
Armour
 b - a +0 scale mail (worn)
 c - a +0 buckler (worn)
 k - the +1 Delatra's gloves {ID++}
   (You found it on level 2 of the Dungeon)

   ID++:      It heals its wearer when they drink unknown potions, and restores
   their MP when they read unknown scrolls.
Scrolls
 f - 2 scrolls of teleportation {unknown}
 h - 2 scrolls of identify {unknown}
 i - a scroll of enchant armour {unknown}
 l - a scroll of blinking {unknown}
Potions
 g - 2 potions of mutation
 j - a potion of flight


   Skills:
 + Level 4.6 Fighting
 + Level 4.1 Axes
 + Level 4.2 Armour
 + Level 4.1 Shields


You had 4 spell levels left.
You didn't know any spells.
Your spell library was empty.

Dungeon Overview and Level Annotations

Branches:
Dungeon (3/15)

Altars:

Shops:
D:3 [


Innate Abilities, Weirdness & Mutations

You have a pair of small horns on your head.
Your muscles are strong. (Str +4, Int/Dex -1)


Message History

You hear a shout!
You see here a +0 club.
A hobgoblin and a gnoll come into view.
The hobgoblin shouts!
The gnoll shouts!
The kobold shouts!
A kobold comes into view. It is wielding a +0 short sword.
The goblin hits you but does no damage.
The kobold shouts!
You slash the goblin!
You kill the goblin!
You see here a +0 sling.
A hobgoblin comes into view.
You closely miss the kobold.
The hobgoblin shouts!
You headbutt the kobold.
You kill the kobold!
You hit the hobgoblin. The hobgoblin barely misses you.
A hobgoblin comes into view.
The gnoll hits you but does no damage.
The gnoll hits you from afar with a +0 spear.
* * * LOW HITPOINT WARNING * * *
A kobold comes into view.
It is wielding a +2 short sword of speed.
The hobgoblin hits you but does no damage.
The hobgoblin barely misses you.
The kobold shouts!
You slice the hobgoblin!!
You kill the hobgoblin!
You closely miss the hobgoblin. The hobgoblin hits you.
* * * LOW HITPOINT WARNING * * *
The gnoll closely misses you.
It was a potion of flight.
You feel very buoyant.
You fly up into the air.
The hobgoblin closely misses you.
The gnoll hits you from afar with a +0 spear.
* * * LOW HITPOINT WARNING * * *
You feel more buoyant. The hobgoblin barely misses you.
The gnoll hits you from afar with a +0 spear.
* * * LOW HITPOINT WARNING * * *
The kobold hits you with a +0 short sword.
You die...

#### ####### ## ....#
##.....# #. .....
##......+ #.
......#.......#########.
..K.g.#g......)).....#..
...g.gK@)....))......'..
.....g#K......)).....#..
..... #)))....#########.
.... ##......+ #. ...
##.....# #. ##
################
≈≈≈≈≈≈≈≈~~) ≈≈≈≈≈≈≈≈≈~.
~≈~≈~~~~~~.


You could see a gnoll, 3 hobgoblins, a goblin and 3 kobolds.

Vanquished Creatures
  2 gnolls (D:3)
  An adder (D:2)
  9 orcs (D:3)
  5 endoplasms
  2 giant cockroaches
  18 goblins
  8 hobgoblins (D:3)
  11 jackals
  3 kobolds
  2 quokkas
  6 ball pythons
  5 bats
  3 frilled lizards
  8 rats
83 creatures vanquished.

Notes
Turn   | Place    | Note
-------+----------+-------------------------------------------
     0 | D:1      | BigDaddyOpFi the Hill Orc Fighter began the quest for the
                  | Orb.
     0 | D:1      | Reached XP level 1. HP: 19/19 MP: 1/1
    52 | D:1      | Reached XP level 2. HP: 14/25 MP: 2/2
   439 | D:1      | Reached XP level 3. HP: 28/33 MP: 3/3
   717 | D:2      | Found the +1 Delatra's gloves {ID++}
  1114 | D:2      | Reached XP level 4. HP: 40/40 MP: 4/4
  1314 | D:3      | Found Zaos's Antique Armour Boutique.
  1482 | D:3      | Reached XP level 5. HP: 24/47 MP: 5/5
  1488 | D:3      | Gained mutation: You have a pair of small horns on your
                  | head. [potion of mutation]
  1488 | D:3      | Gained mutation: Your muscles are strong. (Str +4, Int/Dex
                  | -1) [potion of mutation]
  1500 | D:3      | HP: 2/47 [gnoll/+0 spear (6)]
  1500 | D:3      | Slain by a kobold

Illustrated notes

Levels and vault maps discovered:
D:1:      spicycebolla_arrival_xxxplode, layout_rooms, kennysheep_nondescript
D:2:      layout_loops_ring
D:3:      minmay_goblin_kobold_castle, layout_rooms, serial_shops, shop,
          kennysheep_generic_room_10

Skill      XL: |  1  2  3  4 |
---------------+-------------+-----
Axes           | 3 4 |  4.1
Fighting       | 4 |  4.6
Armour         | 4 |  4.2
Shields        | 4 |  4.1

Action                     |  1- 3 |  4- 6 || total
---------------------------+-------+-------++-------
  Melee: War axe           |   118 |    63 ||   181
         Headbutt          |       |     3 ||     3
    Use: Potion            |       |     6 ||     6
 Armour: Scale mail        |    61 |    50 ||   111
  Dodge: Dodged            |    52 |    61 ||   113
  Block: Buckler           |    31 |    28 ||    59

Table legend: (Time is in decaauts)
 A = Elapsed time spent in this place.
 B = Non-inter-level travel time spent in this place.
 C = Inter-level travel time spent in this place.
 D = Time resting spent in this place.
 E = Time spent auto-exploring this place.
 F = Levels seen in this place.
 G = Mean time per level.
                   A        B        C        D        E       F      G
               +--------+--------+--------+--------+--------+-----+--------+
         Total |   1565 |   1491 |     74 |      7 |   1082 |   3 |  521.7 |
       Dungeon |   1565 |   1491 |     74 |      7 |   1082 |   3 |  521.7 |
               +--------+--------+--------+--------+--------+-----+--------+

Top non-repeatable levels by time:
     D:2: 728 daAuts
     D:1: 566 daAuts
     D:3: 271 daAuts
